 Dungeon Crawl Stone Soup version 0.28-a0-8-g6e044cfa68 (webtiles) character file.

Game seed: 4449522887409212468

552 dolemite99 the Spear-Bearer (level 7, -1/50 HPs)
             Began as a Merfolk Gladiator on July 24, 2021.
             Was an Initiate of Gozag.
             Slain by a sky beast (2 damage)
             ... on level 5 of the Dungeon.
             The game lasted 00:05:49 (5172 turns).

dolemite99 the Spear-Bearer (Merfolk Gladiator)     Turns: 5172, Time: 00:05:49

Health: -1/50      AC:  7    Str: 17    XL:     7   Next: 29%
Magic:  7/7        EV: 11    Int:  7    God:    Gozag
Gold:   458        SH:  0    Dex: 15    Spells: 6/6 levels left

rFire   . . .      SeeInvis .   a - +0 trident
rCold   . . .      Faith    .   (no shield)
rNeg    . . .      Spirit   .   t - +0 scale mail
rPois   .          Reflect  .   c - +0 helmet
rElec   .          Harm     .   (no cloak)
rCorr   .          Rampage  .   (no gloves)
Will    .....                   (no boots)
Stlth   ..........              (no amulet)
HPRegen 0.16/turn               (no ring)
MPRegen 0.10/turn               (no ring)

@: no status effects
A: (nimble swimmer 2), mertail
a: Renounce Religion, Potion Petition, Call Merchant, Bribe Branch


You were on level 5 of the Dungeon.
You worshipped Gozag.
Gozag was aware of your devotion.
You visited 1 branch of the dungeon, and saw 5 of its levels.

You collected 464 gold pieces.
You paid 6 gold pieces to Gozag.

Inventory:

Hand Weapons
 a - a +0 trident (weapon)
 b - a +1 short sword of electrocution
 w - a +0 shortbow
Missiles
 d - a throwing net
 e - 8 poisoned darts (quivered)
 j - 176 stones
 s - 15 sling bullets
 x - 26 arrows
Armour
 c - a +0 helmet (worn)
 g - a +0 kite shield
 i - a +0 leather armour
 t - a +0 scale mail (worn)
Wands
 k - a wand of flame (40)
 r - a wand of polymorph (9)
Scrolls
 h - 3 scrolls of identify {unknown}
 l - a scroll of amnesia {unknown}
 m - a scroll of enchant armour {unknown}
 n - 3 scrolls of teleportation {unknown}
 q - 2 scrolls of noise {unknown}
 y - 2 scrolls of enchant weapon {unknown}
 B - a scroll of summoning {unknown}
 C - a scroll of silence {unknown}
Potions
 f - a potion of invisibility {unknown}
 o - 2 potions of attraction
 p - a potion of haste {unknown}
 u - 2 potions of lignification {unknown}
 v - a potion of curing {unknown}
 z - 2 potions of mutation {unknown}
 A - a potion of cancellation {unknown}
 D - a potion of flight {unknown}
 E - a potion of might {unknown}


   Skills:
 - Level 2.1 Fighting
 - Level 3.0 Short Blades
 + Level 10.8 Polearms
 - Level 2.0 Throwing
 - Level 4.0 Dodging


You had 6 spell levels left.
You didn't know any spells.
Your spell library contained the following spells:

 Spells                   Type           Power      Damage    Failure   Level
 Beastly Appendage        Tmut           0%         N/A       86%         1
 Magic Dart               Conj           0%         1d3       86%         1
 Call Imp                 Summ           0%         N/A       95%         2
 Wereblood                Tmut           0%         N/A       95%         2
 Mephitic Cloud           Conj/Pois/Air  0%         N/A       99%         3
 Spider Form              Tmut/Pois      0%         N/A       99%         3


Dungeon Overview and Level Annotations

Branches:
Dungeon (5/15)             Temple (0/1) D:4

Altars:
Gozag
The Shining One


Innate Abilities, Weirdness & Mutations

((You are quick and stealthy near water. (Stealth+, EV+, Speed+++)))
Your lower body shifts to a powerful aquatic tail in water.


Message History

A sky beast appears from thin air!
Reactivating autopickup.
Your +1 short sword of electrocution stops crackling.
a - a +0 trident (weapon)
You hit the sky beast.
The sky beast is severely wounded.
The sky beast closely misses you.
You miss the sky beast.
The sky beast is severely wounded.
The sky beast barely misses you.
You barely miss the sky beast.
The sky beast is severely wounded.
The sky beast barely misses you.
You puncture the sky beast!
The sky beast is almost dead.
The sky beast barely misses you.
You barely miss the sky beast.
The sky beast is almost dead.
You closely miss the sky beast.
The sky beast is almost dead.
The sky beast misses you.
You hit the sky beast but do no damage.
The sky beast is almost dead.
The sky beast hits you.
* * * LOW HITPOINT WARNING * * *
The sky beast shocks you.
* * * LOW HITPOINT WARNING * * *
You closely miss the sky beast.
The sky beast is almost dead.
The sky beast hits you.
* * * LOW HITPOINT WARNING * * *
The sky beast shocks you.
* * * LOW HITPOINT WARNING * * *
You barely miss the sky beast.
The sky beast is almost dead.
You hit the sky beast but do no damage.
The sky beast is almost dead.
The sky beast hits you.
You die...
Your body crumbles into a pile of gold.

...........#
.........#.#######
.................#
.........#.......#
##...###.#.......#
.........#.......#
##########.......#
# #.......# #
#######@# #
####Y######.. #
#....≈....... #
#.########... # ..
# #+ #


You could see a sky beast.

Vanquished Creatures
  An ogre (D:2)
  A centaur (D:4)
  A phantom (D:4)
  A hound (D:4)
  A scorpion zombie (D:5)
  3 iguanas
  7 adders
  A white imp (D:5)
  2 ufetubi
  5 dart slugs
  2 orcs
  2 bats
  8 endoplasms
  4 giant cockroaches
  6 goblins
  8 hobgoblins
  7 jackals
  6 kobolds
  2 quokkas
  11 ball pythons
  2 frilled lizards
  5 rats
86 creatures vanquished.

Vanquished Creatures (others)
  2 plants (D:1)
2 creatures vanquished.

Grand Total: 88 creatures vanquished

Notes
Turn   | Place    | Note
-------+----------+-------------------------------------------
     0 | D:1      | dolemite99 the Merfolk Gladiator began the quest for the
                  | Orb.
     0 | D:1      | Reached XP level 1. HP: 16/16 MP: 1/1
   510 | D:2      | Reached skill level 5 in Polearms
   526 | D:1      | Reached XP level 2. HP: 22/22 MP: 2/2
  1394 | D:1      | Reached skill level 6 in Polearms
  1394 | D:1      | Reached XP level 3. HP: 23/27 MP: 3/3
  1940 | D:2      | Reached skill level 1 in Short Blades
  2324 | D:2      | Reached XP level 4. HP: 31/33 MP: 4/4
  2476 | D:2      | Noticed an ogre
  2489 | D:2      | Killed an ogre
  2490 | D:2      | Reached skill level 7 in Polearms
  2490 | D:2      | Reached XP level 5. HP: 38/38 MP: 5/5
  2565 | D:2      | Found an opulent altar of Gozag.
  2574 | D:2      | Became a worshipper of Gozag Ym Sagoz the Greedy
  3342 | D:3      | Reached skill level 8 in Polearms
  3601 | D:3      | Found a faded altar of an unknown god.
  3813 | D:4      | Noticed a centaur
  3829 | D:4      | Killed a centaur
  3830 | D:4      | Reached skill level 9 in Polearms
  3830 | D:4      | Reached XP level 6. HP: 42/44 MP: 6/6
  4162 | D:4      | Found a staircase to the Ecumenical Temple.
  4191 | D:4      | Reached skill level 10 in Polearms
  4205 | D:4      | Reached XP level 7. HP: 12/50 MP: 7/7
  4958 | D:4      | Found a glowing golden altar of the Shining One.
  5003 | D:5      | Entered Level 5 of the Dungeon
  5170 | D:5      | HP: 1/50 [sky beast (5)]
  5172 | D:5      | Slain by a sky beast

Illustrated notes

Levels and vault maps discovered:
D:1:      wander_arrival_lonely_grave, layout_loops_cross,
          chequers_serial_rivers_marsh, chequers_big_river
D:2:      layout_basic, basic_altar, serial_curves, eino_curves_01,
          eino_curves_04
D:3:      layout_basic, shapermc_ecumenical_altar_ellora
D:4:      layout_rooms, tso_altar, minmay_temple_entry_arrows
D:5:      layout_basic, kennysheep_dice

Skill      XL: |  1  2  3  4  5  6 |
---------------+-------------------+-----
Polearms       | 5 6 7 9 10 | 10.8
Short Blades   | 2 3 |  3.0
Fighting       | |  2.1
Throwing       | |  2.0
Dodging        | |  4.0

Action                   |  1- 3 |  4- 6 |  7- 9 || total
-------------------------+-------+-------+-------++-------
Melee: Trident           |    65 |       |    10 ||    75
       Tailslap          |     1 |       |       ||     1
       Short sword       |    34 |   120 |    45 ||   199
 Fire: Shortbow          |       |     5 |       ||     5
Throw: Throwing net      |     1 |     2 |       ||     3
       Dart              |       |       |    19 ||    19
  Use: Potion            |     1 |     2 |       ||     3
 Stab: Held in net/web   |       |     1 |       ||     1
Armor: Leather armour    |    24 |    18 |       ||    42
       Scale mail        |       |    24 |    20 ||    44
Dodge: Dodged            |    55 |    88 |    23 ||   166

Table legend: (Time is in decaauts)
 A = Elapsed time spent in this place.
 B = Non-inter-level travel time spent in this place.
 C = Inter-level travel time spent in this place.
 D = Time resting spent in this place.
 E = Time spent auto-exploring this place.
 F = Levels seen in this place.
 G = Mean time per level.
                   A        B        C        D        E       F      G
               +--------+--------+--------+--------+--------+-----+--------+
         Total |   5154 |   5007 |    147 |    878 |   3227 |   5 | 1030.8 |
       Dungeon |   5154 |   5007 |    147 |    878 |   3227 |   5 | 1030.8 |
               +--------+--------+--------+--------+--------+-----+--------+

Top non-repeatable levels by time:
     D:1: 1820 daAuts
     D:2: 1271 daAuts
     D:4: 1076 daAuts
     D:3: 822 daAuts
     D:5: 163 daAuts
